 Dungeon Crawl Stone Soup version 0.29.1-1-gd02db6906a (webtiles) character file.

Game seed: 14054278928000515928

114 LustLizard the Vexing (level 4, -2/23 HPs)
             Began as a Spriggan Arcane Marksman on Sept 21, 2022.
             Killed by nerve-wracking pain
             ... invoked by an orc priest
              (14 damage)
             ... on level 3 of the Dungeon.
             The game lasted 00:04:23 (2620 turns).

LustLizard the Vexing (Spriggan Arcane Marksman)    Turns: 2620, Time: 00:04:24

Health: -2/23      AC:  4    Str:  6    XL:     4   Next: 67%
Magic:  7/7        EV: 17    Int: 14    God:
Gold:   2          SH:  0    Dex: 17    Spells: 4/5 levels left

rFire   . . .      SeeInvis +   a - +1 sling
rCold   + . .      Faith    .   (no shield)
rNeg    . . .      Spirit   .   n - +2 robe {rC+}
rPois   .          Reflect  .   (helmet restricted)
rElec   .          Harm     .   (no cloak)
rCorr   .          Rampage  .   (gloves unavailable)
Will    .....                   (boots unavailable)
Stlth   +++.......              (no amulet)
HPRegen 0.07/turn               (no ring)
MPRegen 0.10/turn               (no ring)

@: very quick
A: very small, no large weapons, unfitting armour, see invisible, speed 3
a: no special abilities


You were on level 3 of the Dungeon.
You visited 1 branch of the dungeon, and saw 3 of its levels.

You collected 183 gold pieces.
You spent 181 gold pieces at shops.

Inventory:

Hand Weapons
 a - a +1 sling (weapon)
Armour
 c - a +0 robe
 n - a +2 robe of cold resistance (worn)
Wands
 h - a wand of polymorph (11)
Scrolls
 b - 2 scrolls of poison
 e - 3 scrolls of identify {unknown}
 f - a scroll of magic mapping {unknown}
 i - a scroll of enchant armour {unknown}
 m - a scroll of summoning {unknown}
 o - a scroll of teleportation {unknown}
 q - a scroll of enchant weapon {unknown}
 r - a scroll of blinking {unknown}
Potions
 d - a potion of curing {unknown}
 g - a potion of lignification {unknown}
 j - a potion of might {unknown}
 k - 2 potions of heal wounds {unknown}
 l - 3 potions of haste {unknown}
 p - a potion of flight {unknown}


   Skills:
 + Level 1.7 Fighting
 * Level 3.3 Ranged Weapons
 - Level 2.6 Dodging
 * Level 4.0 Stealth
 - Level 1.3 Spellcasting
 - Level 4.0 Hexes


You had 4 spell levels left.
You knew the following spells:

 Your Spells              Type           Power      Damage    Failure   Level
a - Slow                  Hex            48%        N/A       4%          1

Your spell library contained the following spells:

 Spells                   Type           Power      Damage    Failure   Level
 Inner Flame              Hex/Fire       6%         N/A       32%         3
 Portal Projectile        Hex/Tloc       12%        N/A       32%         3
 Cause Fear               Hex            6%         N/A       43%         4


Dungeon Overview and Level Annotations

Branches:
Dungeon (3/15)

Altars:

Shops:
D:2 (*

Annotations:
D:3 Sigmund


Innate Abilities, Weirdness & Mutations

You are very small and have problems with some larger weapons.
You are too small for most types of armour.
You have supernaturally acute eyesight. (SInv)
You cover ground extremely quickly. (Speed+++)


Message History

You now have 14 gold pieces (gained 8).
You now have enough gold to buy a scroll labelled MOPEXU OKKICUC on D:2.
You can access your shopping list by pressing '$'.
You now have 30 gold pieces (gained 16).
q - a scroll labelled VABLOIC VAOSH
There is a stone staircase leading up here.
You see here a ball python corpse.
There is a stone staircase leading up here.
You climb upwards.
There is a stone staircase leading down here.
You see here a +0 dagger.
You see here a +0 club.
Things that are here:
a +0 club; a +0 club
There is an entrance to Ejuu's Assorted Antiques here.
r - a scroll labelled MOPEXU OKKICUC Thank you for shopping at Ejuu's Assorted Antiques!
You see here a +0 dagger.
There is a stone staircase leading down here.
You climb downwards.
Level annotation: Sigmund
There is a stone staircase leading up here.
You shoot a sling bullet.
The sling bullet barely misses the orc priest.
The sling bullet barely misses the orc.
The orc shouts!
You shoot a sling bullet. The sling bullet hits the orc priest!
The orc priest is heavily wounded.
You hear a shout! x3
You shoot a sling bullet. The sling bullet hits the orc priest.
The orc priest is almost dead.
The orc priest calls down the wrath of Beogh upon you.
Beogh smites you!
The orc priest calls upon Beogh to heal the orc priest.
The orc priest is healed somewhat.
You hear a shout!
The orc priest calls down the wrath of Beogh upon you.
Pain shoots through your body!
Ouch! That really hurt!
You die...

#..............####.##.#...
##############.###.##
###########..#.##
#.........#.#.##
#.#.........### §
#.#.###.....# .§§ #.#.#
#<#.#.#######...§§ ##.#.#
#.#.#.....o...# #..#o#
#.....@####.###. .§≈ #.#..#
#.#.##.# .###. ...
#.#.####....#.# ..........
##.#.........#.#
###o....#.# #
##...............
.#.....#.###
##......######.#..
...........## o...(...#
#.#### #.#.....#....
##.....## ####.# #.# ...
#... ###....# #....# #.#
#)# #...


You could see an orc priest.

Vanquished Creatures
  Jessica (D:2)
  Robin (D:2)
  3 adders (D:2)
  A dart slug (D:3)
  6 endoplasms
  14 goblins
  4 hobgoblins
  3 kobolds
  A quokka (D:2)
  5 ball pythons
  3 bats (D:2)
  4 frilled lizards
  4 rats
50 creatures vanquished.

Notes
Turn   | Place    | Note
-------+----------+-------------------------------------------
     0 | D:1      | LustLizard the Spriggan Arcane Marksman began the quest for
                  | the Orb.
     0 | D:1      | Reached XP level 1. HP: 9/9 MP: 3/3
    38 | D:1      | Found a faded altar of an unknown god.
   294 | D:1      | Reached skill level 1 in Stealth
   732 | D:2      | Reached XP level 2. HP: 14/14 MP: 5/5
   765 | D:2      | Reached skill level 1 in Fighting
  1000 | D:2      | Reached XP level 3. HP: 18/18 MP: 6/6
  1114 | D:2      | Found Ejuu's Assorted Antiques.
  1124 | D:2      | Bought a cyan potion for 25 gold pieces
  1124 | D:2      | Bought an amethyst potion for 25 gold pieces
  1124 | D:2      | Bought 2 yellow potions for 50 gold pieces
  1124 | D:2      | Bought an amethyst potion for 25 gold pieces
  1138 | D:2      | Noticed Robin
  1270 | D:2      | Killed Robin
  1296 | D:2      | Reached XP level 4. HP: 22/22 MP: 7/7
  1308 | D:2      | Found Rimyps's Weapon Shoppe.
  1867 | D:2      | Bought a scroll labelled FIQAUWK GUPPI for 28 gold pieces
  1887 | D:3      | Noticed Jessica
  1898 | D:2      | Killed Jessica
  2387 | D:3      | Noticed Sigmund
  2583 | D:2      | Bought a scroll labelled MOPEXU OKKICUC for 28 gold pieces
  2620 | D:3      | Killed from afar by an orc priest

Illustrated notes

Levels and vault maps discovered:
D:1:      wander_arrival_chamber, layout_basic,
          dreamdust_ecumenical_altar_grove, serial_bayou_lagoon_a,
          chequers_serial_rivers_room_a, chequers_serial_rivers_small_b
D:2:      layout_loops_ring, serial_shops, nicolae_shop_bloodbath_and_beyond,
          shop, uniq_robin
D:3:      layout_loops_ring, mainiacjoe_overflow_catwalk, uniq_jessica,
          uniq_sigmund, uniq_crazy_yiuf_cottage

Skill      XL: |  1  2  3  4 |
---------------+-------------+-----
Stealth        | 1 2 3 4 |  4.0
Fighting       | 1 |  1.7
Hexes          | 4 |  4.0
Ranged Weapons | 3 |  3.3
Dodging        | |  2.6
Spellcasting   | |  1.3

Action                   |  1- 3 |  4- 6 || total
-------------------------+-------+-------++-------
 Fire: Sling             |    76 |    66 ||   142
 Cast: Slow              |     2 |     1 ||     3
Armor: Robe              |     2 |     3 ||     5
Dodge: Dodged            |    10 |     8 ||    18
